Match 41105501
Unlisted

Match 41105501
End
Construct Barracks
Riflemen Squad
Riflemen Squad
Riflemen Squad
Riflemen Squad
Infantry Support Center
Construct Weapon Support Center
M1918 Browning Automatic Rifles
Construct Weapon Support Center
Selects Special Operations Battlegroup
Selects Raiding Flares
M3 Armored Personnel Carrier
Raiding Flares
M3 Armored Personnel Carrier
Engineer Squad
Selects M29 Weasel Recon Vehicle
Selects Mark Vehicle
M3 Armored Personnel Carrier
Raiding Flares
Riflemen Squad
Raiding Flares
M3 Armored Personnel Carrier
Grenade Package
Raiding Flares
Selects M4A1 Sherman Whizbang
M4A1 Sherman Whizbang
Raiding Flares
M4A1 Sherman Whizbang
KypSer
TURTLE LEONID
Sev | Stryker
实力不足只能当老六了
atank
Rictdis
0
0

Comments sign in to comment!

No comments posted yet!